 Dungeon Crawl Stone Soup version 0.29-a0-322-g68df515428 (webtiles) character file.

Game seed: 6157238405059709717

35 Bnni the Skirmisher (level 3, -3/26 HPs)
             Began as an Octopode Fighter on Apr 5, 2022.
             Slain by a goblin
             ... wielding a +0 club
             ... led by Robin
              (4 damage)
             ... on level 1 of the Dungeon.
             The game lasted 00:02:03 (1530 turns).

Bnni the Skirmisher (Octopode Fighter)              Turns: 1530, Time: 00:02:03

Health: -3/26      AC:  1    Str: 15    XL:     3   Next: 35%
Magic:  3/3        EV: 13    Int: 10    God:
Gold:   37         SH:  4    Dex: 13    Spells: 2/2 levels left

rFire   . . .      SeeInvis .     - Unarmed
rCold   . . .      Faith    .   a - +0 buckler
rNeg    . . .      Spirit   .   (helmet restricted)
rPois   .          Reflect  .   (no amulet)
rElec   .          Harm     .   (no ring)
rCorr   .          Rampage  .   (no ring)
Will    .....                   (no ring)
Stlth   ++........              (no ring)
HPRegen 0.08/turn               (no ring)
MPRegen 0.08/turn               (no ring)
                                (no ring)
                                (no ring)

@: mighty
A: almost no armour, amphibious, 8 rings, camouflage 1, gelatinous body 1,
(nimble swimmer 1), tentacles
a: no special abilities


You were on level 1 of the Dungeon.
You visited 1 branch of the dungeon, and saw 2 of its levels.

You collected 37 gold pieces.

Inventory:

Missiles
 c - a throwing net (quivered)
Armour
 a - a +0 buckler (worn)
Jewellery
 e - a +6 ring of dexterity
Scrolls
 f - a scroll of summoning {unknown}
 g - 2 scrolls of identify {unknown}
Potions
 d - a potion of lignification {unknown}
 h - a potion of mutation {unknown}


   Skills:
 + Level 3.4 Fighting
 - Level 3.0 Dodging
 - Level 3.0 Shields
 * Level 3.2 Unarmed Combat


You had 2 spell levels left.
You didn't know any spells.
Your spell library was empty.

Dungeon Overview and Level Annotations

Branches:
Dungeon (2/15)

Altars:

Shops:
D:1 ?=

Annotations:
D:2 Robin


Innate Abilities, Weirdness & Mutations

You cannot wear most types of armour.
You are amphibious.
You can wear up to eight rings at the same time.
Your skin changes colour to match your surroundings (Stealth+).
Your rubbery body absorbs attacks. (AC +1, EV +1)
((You are camouflaged when in or above water. (Stealth+)))
You have tentacles for arms and can constrict up to eight enemies at once.


Message History

You constrict the hobgoblin, but do no damage.
The goblin hits you with a +0 dagger.
The hobgoblin hits you but does no damage.
You tentacle-slap the goblin.
You kill the goblin!
You constrict the hobgoblin. The hobgoblin closely misses you.
You tentacle-slap the hobgoblin.
You kill the hobgoblin!
You start resting.
HP restored.
You climb downwards.
Level annotation: Robin The goblin hits you with a +0 dagger.
The endoplasm barely misses you. Robin throws the goblin at you!
There is a stone staircase leading up, spattered with blood here.
Unknown command.
The goblin hits you with a +0 dagger. The endoplasm hits you.
The hobgoblin misses you. The goblin barely misses you.
The goblin closely misses you.
You climb upwards.
There is a stone staircase leading down here.
You tentacle-slap the endoplasm but do no damage.
You squeeze the endoplasm.
The endoplasm is heavily wounded.
The endoplasm barely misses you. The hobgoblin closely misses you.
The goblin hits you with a +0 club. The goblin hits you with a +0 dagger.
You block the goblin's attack.
You tentacle-slap the hobgoblin. Your grab misses the hobgoblin.
Your squeeze misses the hobgoblin.
The hobgoblin is severely wounded.
The endoplasm hits you. The hobgoblin hits you.
* * * LOW HITPOINT WARNING * * *
You block the goblin's attack. The goblin misses you.
The goblin hits you with a +0 dagger.
* * * LOW HITPOINT WARNING * * *
You feel very mighty all of a sudden. The endoplasm barely misses you.
The hobgoblin hits you.
* * * LOW HITPOINT WARNING * * *
The goblin hits you with a +0 club.
You die...

#...........##.# #.....#
#..... ###########.##.#
#.....# #.....
#.)#.###.....# #.....
#............###.....
#..............######
######.........####.# #.
#..............# #.## #.
#.......Jgg[...####..####.
#......#g@g...............
#......#######..#########.
#......# #..#.......#.
#......# #..#.......#.
#......# #..#..#'#..#.
######## #..#..#_#..#.
#..#..###..#.
#..#.......#.
#..#...†...#.


You could see an endoplasm, a hobgoblin and 3 goblins.

Vanquished Creatures
  A bat (D:1)
  2 endoplasms (D:1)
  A giant cockroach (D:1)
  5 goblins (D:1)
  5 hobgoblins (D:1)
  4 jackals (D:1)
  5 kobolds (D:1)
  3 ball pythons (D:1)
  A frilled lizard (D:1)
  4 rats (D:1)
31 creatures vanquished.

Notes
Turn   | Place    | Note
-------+----------+-------------------------------------------
     0 | D:1      | Bnni the Octopode Fighter began the quest for the Orb.
     0 | D:1      | Reached XP level 1. HP: 16/16 MP: 1/1
    39 | D:1      | Reached XP level 2. HP: 2/21 MP: 2/2
   312 | D:1      | Found Zuepoem's Jewellery Boutique.
   365 | D:1      | Found Askuixoni's Magic Scroll Shoppe.
   656 | D:1      | Reached XP level 3. HP: 19/26 MP: 3/3
   760 | D:1      | Found a faded altar of an unknown god.
  1325 | D:2      | Noticed Robin
  1530 | D:1      | HP: 1/26 [hobgoblin (3)]
  1530 | D:1      | Slain by a goblin

Illustrated notes

Levels and vault maps discovered:
D:1:      lemuel_arrival_hallway, layout_basic,
          hellmonk_ecumenical_altar_inner_sanctum, serial_shops,
          nicolae_shop_stone, nicolae_shop_stone
D:2:      layout_basic, minmay_pentomino_x2, uniq_crazy_yiuf_cottage, uniq_robin

Skill      XL: |  1  2 |
---------------+-------+-----
Unarmed Combat | 3 |  3.2
Fighting       | |  3.4
Dodging        | |  3.0
Shields        | |  3.0

Action                   || total
-------------------------++-------
Melee: Unarmed           ||    63
       Constrict         ||    12
       Tentacles         ||     7
       Punch             ||     1
  Use: Potion            ||     1
 Stab: Sleeping          ||     8
Armor: Skin              ||     2
Dodge: Dodged            ||    45
Block: Buckler           ||    16

Table legend: (Time is in decaauts)
 A = Elapsed time spent in this place.
 B = Non-inter-level travel time spent in this place.
 C = Inter-level travel time spent in this place.
 D = Time resting spent in this place.
 E = Time spent auto-exploring this place.
 F = Levels seen in this place.
 G = Mean time per level.
                   A        B        C        D        E       F      G
               +--------+--------+--------+--------+--------+-----+--------+
         Total |   1532 |   1466 |     66 |    713 |    602 |   2 |  766.0 |
       Dungeon |   1532 |   1466 |     66 |    713 |    602 |   2 |  766.0 |
               +--------+--------+--------+--------+--------+-----+--------+

Top non-repeatable levels by time:
     D:1: 1526 daAuts
     D:2: 6 daAuts
